 Dungeon Crawl Stone Soup version 0.31-a0-832-g3a2c1c66ba (webtiles) character file.

Game seed: 6672270573466176394

1957 GabrielManson the Gouger (level 8, -5/34 HPs)
             Began as a Felid Shapeshifter on Sept 25, 2023.
             Was an Initiate of Hepliaklqana.
             Slain by an apocalypse crab (8 damage)
             ... on level 1 of the Abyss.
             The game lasted 00:19:05 (5537 turns).

GabrielManson the Gouger (Felid Shapeshifter)       Turns: 5537, Time: 00:19:06

Health: -5/34      AC:  2    Str: 10    XL:     8   Next: 99%
Magic:  9/9        EV: 22    Int: 12    God:    Hepliaklqana [......]
Gold:   363        SH:  0    Dex: 22    Spells: 7/7 levels left
                                        Lives:  0   Deaths: 2

rFire   . .          .
                       - Unarmed
rCold   . . .        (shield unavailable)
rNeg    . . .        (body armour unavailable)
rPois   +            (helmet unavailable)
rElec   .            (cloak unavailable)
rCorr   .            (gloves unavailable)
SInv    +            (boots unavailable)
Will    +....        i - amulet "Assukkiv" {Faith rPois Dex+5 Stlth-}
Stlth   +++          (no ring)
HPRegen 0.25/turn    (no ring)
MPRegen 0.11/turn

%: faith
@: mighty, beast-form, quick
A: beast (slay +3), very small, claws 1, fangs 3, see invisible, speed 1, shaggy
fur 2, stealthy paws, no weapons or thrown items, no armour, multi-lived
a: Begin Untransformation, Renounce Religion


You were on level 1 of the Abyss.
You worshipped Hepliaklqana.
Hepliaklqana was noncommittal.
You were a hulking beast.
You visited 2 branches of the dungeon, and saw 8 of its levels.
You visited the Abyss 1 time.
You also visited: Sewer.

You collected 363 gold pieces.

Inventory:

Jewellery
 i - the amulet "Assukkiv" (around neck) {Faith rPois Dex+5 Stlth-}
   (You found it on level 5 of the Dungeon)

   [amulet of faith]

   Faith:     It allows you to gain divine favour quickly.
   Dex+5:     It affects your dexterity (+5).
   rPois:     It protects you from poison Stlth-: It makes you less stealthy.
Talismans
 b - a beast talisman (active)
 c - a flux talisman
Wands
 l - a wand of flame (8)
Scrolls
 a - 2 scrolls of brand weapon {unknown}
 d - a scroll of amnesia
 e - 5 scrolls of teleportation {unknown}
 f - a scroll of poison {unknown}
 h - a scroll of fog {unknown}
 j - 3 scrolls of vulnerability {unknown}
 k - 10 scrolls of identify {unknown}
 n - 2 scrolls of immolation {unknown}
 o - 2 scrolls of blinking {unknown}
 p - 2 scrolls of fear {unknown}
Potions
 g - a potion of cancellation {unknown}
 m - a potion of haste
 q - a potion of attraction {unknown}
 r - a potion of berserk rage {unknown}
 s - a potion of enlightenment {unknown}
 t - a potion of brilliance {unknown}
 u - a potion of lignification
 v - 2 potions of resistance
 w - a potion of degeneration {unknown}
 x - a potion of mutation {unknown}


   Skills:
 + Level 2.3 Fighting
 + Level 6.2 Dodging
 + Level 5.7 Stealth
 + Level 8.7 Unarmed Combat
 + Level 2.3 Evocations
 + Level 5.8 Shapeshifting


You had 7 spell levels left.
You didn't know any spells.
Your spell library contained the following spells:

 Spells                   Type           Power      Damage    Failure   Level
 Stone Arrow              Conj/Erth      0%         3d7       69%         3
 Lehudib's Crystal Spear  Conj/Erth      0%         10d2      100%        8
 Animate Armour           Summ/Erth      Unusable   N/A       N/A         4

Dungeon Overview and Level Annotations

Branches:
Dungeon (7/15)             Temple (1/1) D:4           Sewer (visited)

Altars:
Cheibriados
Elyvilon
Fedhas
Hepliaklqana
Kikubaaqudgha
Makhleb
Okawaru
Qazlal
Ru
Sif Muna
Trog
Uskayaw
Vehumet
Wu Jian
Zin
The Shining One

Shops:
D:7 *


Innate Abilities, Weirdness & Mutations

You are a hulking beast.
Your limbs bulge with bestial killing power. (Slay +3)
You have sharp claws.
You have razor-sharp teeth.
You have supernaturally acute eyesight. (SInv)
You cover ground quickly. (Speed+)
You are covered in thick fur. (AC +2)
Your paws help you pounce on unaware monsters.
You are incapable of wielding weapons or throwing items.
You cannot wear armour.
You gain extra lives every three experience levels.


Message History

The orc priest attacks as it pursues you!
The orc priest barely misses you.
The orc priest miscasts a cantrip.
The orc hits you with a +0 trident of distortion.
You are cast into the Abyss!
This branch contains the abyssal rune of Zot.
You start resting.
A chaos spawn comes into view.
A chaos spawn is nearby!
An apocalypse crab comes into view.
Found a corrupted altar of Lugonu.
The apocalypse crab breathes chaos at you.
The blast of chaos engulfs you!
You are engulfed in seething chaos.
You are engulfed in seething chaos.
You feel very mighty all of a sudden.
The apocalypse crab is engulfed in seething chaos.
The apocalypse crab completely misses you.
The apocalypse crab misses you.
You claw the apocalypse crab!
The apocalypse crab is moderately wounded.
The apocalypse crab closely misses you.
The apocalypse crab completely misses you.
You claw the apocalypse crab!
The apocalypse crab is heavily wounded.
The apocalypse crab misses you. The apocalypse crab closely misses you.
You claw the apocalypse crab!
You bite the apocalypse crab, but do no damage.
The apocalypse crab is severely wounded.
You barely miss the apocalypse crab.
The apocalypse crab is severely wounded.
The apocalypse crab closely misses you. The apocalypse crab misses you.
You scratch the apocalypse crab.
The apocalypse crab is severely wounded.
The apocalypse crab bites you! The apocalypse crab shocks you!
* * * LOW HITPOINT WARNING * * *
The apocalypse crab claws you!
* * * LOW HITPOINT WARNING * * *
The apocalypse crab shocks you!
You die...

# ......
.##..... .
### #.. ... .
# # ####
........ . #
###.# .##. #
..... ..
#.#..#...#.
#.§§....
#..##..#####.
..... ..
###.#t.#
#.#t.... ...
#..h.# ###§..
#. # ####.#
.. ## . ..#
...... .##
#... .#.# . #
# . .. #.
.... #..#.
... #... ...
. ..... .


You could see an apocalypse crab.

Vanquished Creatures
  Pikel (D:5)
  Pargi (Sewer)
  2 orc warriors
  2 black bears (D:7)
  2 ogres
  A sky beast (D:6)
  A lemure (D:5)
  3 bullfrogs
  A scorpion (D:5)
  2 hounds
  4 orc priests
  Crazy Yiuf (D:2)
  2 iguanas
  Natasha (thrice) (D:3)
  An orc wizard (D:6)
  3 gnolls (D:5)
  6 adders
  2 shadow imps (D:6)
  A white imp (D:6)
  2 worms
  10 orcs
  8 ball pythons
  2 endoplasms
  4 giant cockroaches
  4 goblins
  6 hobgoblins
  4 jackals (D:1)
  A kobold (D:2)
  5 quokkas
  12 bats
  6 frilled lizards
  5 rats
108 creatures vanquished.

Vanquished Creatures (others)
  A human (D:4)
  An orc wizard (D:7)
2 creatures vanquished.

Grand Total: 110 creatures vanquished

Notes
Turn   | Place    | Note
-------+----------+-------------------------------------------
     0 | D:1      | GabrielManson the Felid Shapeshifter began the quest for
                  | the Orb.
     0 | D:1      | Reached XP level 1. HP: 9/9 MP: 2/2
   144 | D:1      | Reached XP level 2. HP: 12/12 MP: 3/3
   409 | D:1      | Reached XP level 3. HP: 15/15 MP: 4/4
   797 | D:2      | Found a faded altar of an unknown god.
   849 | D:2      | Identified the +1 leather armour "Qacal Luffe" {rF+}
  1156 | D:2      | Found a runed translucent door.
  1157 | D:2      | Noticed Crazy Yiuf
  1231 | D:2      | Reached skill level 4 in Unarmed Combat
  1303 | D:2      | Reached XP level 4. HP: 19/19 MP: 5/5
  1530 | D:2      | Killed Crazy Yiuf
  1577 | D:3      | Noticed Natasha
  1586 | D:3      | Killed Natasha
  1587 | D:3      | Reached skill level 1 in Stealth
  1827 | D:3      | Found a sacrificial altar of Ru.
  1831 | D:3      | Noticed Natasha
  1836 | D:3      | Killed Natasha
  1837 | D:3      | Reached XP level 5. HP: 22/22 MP: 6/6
  1855 | D:3      | Noticed Natasha
  1874 | D:3      | Killed Natasha
  2233 | D:4      | Found a staircase to the Ecumenical Temple.
  2239 | Temple   | Entered the Ecumenical Temple
  2794 | D:4      | Found an ancient bone altar of Kikubaaqudgha.
  2794 | D:4      | Noticed a human
  2799 | D:4      | Killed a human
  2968 | D:5      | Entered Level 5 of the Dungeon
  2971 | D:5      | Noticed a lemure
  2971 | D:5      | Noticed Pikel
  2972 | D:5      | Noticed a lemure
  2972 | D:5      | Noticed a lemure
  2972 | D:5      | Noticed a lemure
  2985 | D:5      | Killed a lemure
  3005 | D:5      | Killed Pikel
  3006 | D:5      | Reached skill level 6 in Unarmed Combat
  3006 | D:5      | Reached skill level 1 in Evocations
  3006 | D:5      | Gained mutation: You are covered in thick fur. (AC +2)
                  | [Felid growth]
  3006 | D:5      | Reached XP level 6. HP: 4/26 MP: 7/7
  3006 | D:5      | Reached XP level 7. HP: 5/30 MP: 8/8
  3265 | D:5      | Found a glowing drain.
  3274 | Sewer    | Entered a sewer
  3307 | Sewer    | Noticed Pargi
  3323 | Sewer    | Killed Pargi
  3518 | D:5      | Identified the amulet "Assukkiv" {Faith rPois Dex+5 Stlth-}
  3558 | D:5      | Reached skill level 5 in Dodging
  3613 | D:5      | Reached skill level 5 in Shapeshifting
  3613 | D:5      | Reached XP level 8. HP: 33/33 MP: 9/9
  3992 | D:6      | Slain by an ogre
  4082 | D:6      | Reached skill level 5 in Stealth
  4082 | D:6      | Reached skill level 7 in Unarmed Combat
  4170 | D:6      | Slain by an orc warrior
  4236 | D:6      | Found a shimmering blue altar of Sif Muna.
  4462 | D:6      | Found a blossoming altar of Fedhas.
  4561 | D:6      | Found an ornate altar of the Wu Jian Council.
  4714 | D:6      | HP: 1/27 [ogre/+0 giant spiked club (26)]
  4928 | D:7      | Reached skill level 8 in Unarmed Combat
  5208 | D:7      | Found Ropret's Assorted Antiques.
  5331 | D:7      | Found a hazy altar of Hepliaklqana.
  5336 | D:7      | Became a worshipper of Hepliaklqana the Forgotten
  5436 | Abyss:1  | Cast into level 1 of the Abyss (orc)
  5507 | Abyss:1  | Found a corrupted altar of Lugonu.
  5507 | Abyss:1  | Noticed an apocalypse crab
  5537 | Abyss:1  | Slain by an apocalypse crab

Illustrated notes

Levels and vault maps discovered:
D:1:      dpeg_arrival_tiny_f, layout_rooms, nrook_mini_vaults,
          minmay_misc_feat_room, kennysheep_small_spiral,
          minmay_misc_feat_rugged, minivault_24, corexii_hall_statues_t
D:2:      layout_loops_ring, shapermc_ecumenical_altar_ellora,
          uniq_crazy_yiuf_cottage
D:3:      layout_loops_ring, mainiacjoe_overflow_concentric_impassable,
          uniq_natasha
D:4:      layout_basic, tgw_kikubaaqudgha, minmay_temple_entry_proselytizer
D:5:      layout_gridville, cheibrodos_sewer_entry_drain, nrook_uturn,
          uniq_pikel
D:6:      layout_basic, nicolae_wu_jian_glorious_leap, minitemple
D:7:      layout_rooms, mainiacjoe_overflow_cross_hatched, serial_shops, shop,
          lemuel_flame_loot_1
Temple:   hellmonk_temple_flake
Abyss:1:  base:
D:2

Skill      XL: |  1  2  3  4  5  6  7  8 |
---------------+-------------------------+-----
Shapeshifting  | 4 5 |  5.8
Dodging        | 3 4 5 6 |  6.2
Unarmed Combat | 4 6 8 |  8.7
Stealth        | 1 4 5 |  5.7
Fighting       | 2 |  2.3
Evocations     | 1 2 |  2.3

Action                     |  1- 3 |  4- 6 |  7- 9 || total
---------------------------+-------+-------+-------++-------
  Melee: Unarmed           |    81 |    51 |   165 ||   297
         Bite              |     7 |     3 |    18 ||    28
         Punch             |     1 |     3 |     5 ||     9
  Evoke: Wand              |       |     8 |     5 ||    13
    Use: Scroll            |       |     1 |       ||     1
         Potion            |       |     2 |     4 ||     6
   Stab: Sleeping          |     2 |     3 |     5 ||    10
 Armour: Skin              |    22 |    24 |    52 ||    98
  Dodge: Dodged            |    55 |    25 |   141 ||   221
   Form: Beast             |       |       |     1 ||     1
         Flux              |       |       |     1 ||     1

Table legend: (Time is in decaauts)
 A = Elapsed time spent in this place.
 B = Non-inter-level travel time spent in this place.
 C = Inter-level travel time spent in this place.
 D = Time resting spent in this place.
 E = Time spent auto-exploring this place.
 F = Levels seen in this place.
 G = Mean time per level.
                   A        B        C        D        E       F      G
               +--------+--------+--------+--------+--------+-----+--------+
         Total |   4666 |   4558 |    108 |    412 |   3094 |  10 |  466.6 |
       Dungeon |   4378 |   4270 |    108 |    318 |   3035 |   7 |  625.4 |
        Temple |     51 |     51 |      0 |      0 |      0 |   1 |   51.0 |
         Abyss |     94 |     94 |      0 |     68 |      0 |   1 |   94.0 |
         Sewer |    142 |    142 |      0 |     26 |     58 |   1 |  142.0 |
               +--------+--------+--------+--------+--------+-----+--------+

Top non-repeatable levels by time:
     D:6: 810 daAuts
     D:5: 699 daAuts
     D:2: 671 daAuts
     D:1: 621 daAuts
     D:3: 558 daAuts
     D:4: 549 daAuts
     D:7: 469 daAuts
   Sewer: 142 daAuts
 Abyss:1: 94 daAuts
  Temple: 51 daAuts
